[Event "Titled Tuesday Blitz January 18 2022"]
[White "Piorun, Kacper"]
[Black "Grunberg, Mihai-Lucian"]
[WhiteFideId "1130420"]
[BlackFideId "1204149"]
[WhiteElo "2571"]
[BlackElo "2364"]
[Result "1-0"]
[Round "01"]
[TimeControl "180+1"]
[Date "2022.01.18"]
[WhiteClock "0:01:49"]
[BlackClock "0:01:29"]

1. d4 f5 2. Nf3 Nf6 3. e3 g6 4. c4 Bg7 5. b4 O-O 6. Be2 c6 7. O-O a5 8. b5 Ne4 9. a4 d5 10. Bb2 Be6 11. Nbd2 Kh8 12. Nxe4 fxe4 13. Nd2 Nd7 14. Rc1 Bg8 15. Ba3 Re8 16. cxd5 cxd5 17. Nb3 e5 18. Bb2 b6 19. Rc6 exd4 20. Bxd4 Ne5 21. Rxb6 Qg5 22. Rb7 Rf8 23. Nc5 Nf3+ 24. Bxf3 1-0


[Site "https://www.chess.com"]

[Event "Titled Tuesday Blitz January 18 2022"]
[White "Plotkin, Mark"]
[Black "Titichoca Daza, Daniel"]
[WhiteFideId "2611651"]
[BlackFideId "3309550"]
[WhiteElo "2178"]
[BlackElo "1968"]
[Result "1-0"]
[Round "01"]
[TimeControl "180+1"]
[Date "2022.01.18"]
[WhiteClock "0:00:32"]
[BlackClock "0:00:01"]

1. e4 e5 2. f4 d5 3. exd5 exf4 4. Nf3 Nf6 5. c4 Bd6 6. d4 O-O 7. Be2 Nh5 8. Nc3 g5 9. Nxg5 Qxg5 10. Bxh5 Qh4+ 11. Kf1 Bf5 12. Qf3 Re8 13. Bd2 Qf6 14. Ne2 Be4 15. Qg4+ Kh8 16. Rg1 Na6 17. Re1 Bd3 18. b3 Nb4 19. Qf3 Nc2 20. Qxd3 Nxe1 21. Kxe1 Re7 22. Kd1 Rae8 23. Bf3 Qh4 24. c5 Qf2 25. Re1 Re3 26. Bxe3 Rxe3 27. Qf5 Bf8 28. Qf6+ Kg8 29. Qxf4 Rd3+ 30. Kc2 Re3 31. Kd2 Re8 32. Qxc7 Bh6+ 33. Kd1 Qe3 34. Kc2 Qd2+ 35. Kb1 Qxe1+ 36. Kb2 Qd2+ 37. Ka3 Rxe2 38. Bxe2 Qxe2 39. Qxb7 Bc1+ 40. Kb4 Bd2+ 41. Ka4 Be1 42. a3 Qd3 43. Qb8+ Kg7 44. Qe5+ Kf8 45. Qxe1 Qxd4+ 46. Qb4 Qxd5 47. Qb5 Qd4+ 48. Ka5 Qc3+ 49. Ka6 1-0


[Site "https://www.chess.com"]

[Event "Titled Tuesday Blitz January 18 2022"]
[White "Pranav, V"]
[Black "Nguyen Hong Nhung"]
[WhiteFideId "25060783"]
[BlackFideId "12412201"]
[WhiteElo "2349"]
[BlackElo "1661"]
[Result "0-1"]
[Round "01"]
[TimeControl "180+1"]
[Date "2022.01.18"]
[WhiteClock "0:00:01"]
[BlackClock "0:00:23"]

1. e4 c5 2. Nf3 e6 3. b3 Nc6 4. Bb2 d6 5. g3 e5 6. Bg2 g6 7. O-O Bg7 8. c3 Nge7 9. d4 exd4 10. cxd4 Bg4 11. e5 cxd4 12. exd6 Qxd6 13. Nbd2 O-O 14. h3 Bxf3 15. Qxf3 Rad8 16. Rfe1 Rfe8 17. Nc4 Qf6 18. Qd1 Nf5 19. a3 b5 20. Nd2 Ne5 21. Ne4 Qb6 22. Qd2 Bh6 23. Qd1 Re6 24. a4 b4 25. Bf1 a5 26. Bd3 Nd6 27. Nxd6 Qxd6 28. Be4 d3 29. Bg2 d2 30. Re4 Nd3 31. Rd4 Qxd4 32. Bxd4 Re1+ 33. Bf1 Rxd1 0-1


[Site "https://www.chess.com"]

[Event "Titled Tuesday Blitz January 18 2022"]
[White "Pultinevicius, Paulius"]
[Black "Rodchenkov, Sergey D."]
[WhiteFideId "12809390"]
[BlackFideId "4168712"]
[WhiteElo "2413"]
[BlackElo "2306"]
[Result "1-0"]
[Round "01"]
[TimeControl "180+1"]
[Date "2022.01.18"]
[WhiteClock "0:01:22"]
[BlackClock "0:00:28"]

1. d4 Nf6 2. c4 e6 3. Nf3 Bb4+ 4. Bd2 Be7 5. Nc3 d5 6. Bg5 O-O 7. e3 h6 8. Bh4 Nbd7 9. Qc2 c6 10. Bd3 dxc4 11. Bxc4 Nd5 12. Bg3 N7f6 13. O-O b6 14. e4 Nxc3 15. bxc3 Bb7 16. Rad1 Qc8 17. Rfe1 c5 18. d5 exd5 19. exd5 Bd8 20. d6 Bxf3 21. gxf3 Qb7 22. Qf5 Kh8 23. d7 Bc7 24. Bh4 Bd8 25. Bxf6 Bxf6 26. Bd5 Qc7 27. Bxa8 Rxa8 1-0


[Site "https://www.chess.com"]

[Event "Titled Tuesday Blitz January 18 2022"]
[White "Raja Rithvik R"]
[Black "Gnechko, Ruslan"]
[WhiteFideId "35007394"]
[BlackFideId "14135868"]
[WhiteElo "2255"]
[BlackElo "2289"]
[Result "1-0"]
[Round "01"]
[TimeControl "180+1"]
[Date "2022.01.18"]
[WhiteClock "0:00:11"]
[BlackClock "0:00:12"]

1. b3 d5 2. Bb2 c6 3. e3 Nf6 4. f4 h6 5. Nf3 Bg4 6. Be2 Bxf3 7. Bxf3 Nbd7 8. O-O Qc7 9. a4 e5 10. fxe5 Nxe5 11. Nc3 Bd6 12. h3 O-O-O 13. a5 a6 14. Na4 Qxa5 15. Bd4 Nxf3+ 16. Qxf3 Qxd2 17. Rf2 Qb4 18. c3 Qb5 19. c4 dxc4 20. bxc4 Qg5 21. Rb2 Rhe8 22. Rab1 Re7 23. Rxb7 Ne4 24. Rxe7 Qxe7 25. Qf5+ Qe6 26. Nb6+ Kc7 27. Qa5 Rb8 28. Qxa6 Nd2 29. Qa7+ Kd8 30. Rd1 Nb3 31. Be5 Rxb6 32. Rxd6+ Qxd6 33. Qxb6+ Ke7 34. Bxd6+ Kxd6 35. Qxb3 1-0


[Site "https://www.chess.com"]

[Event "Titled Tuesday Blitz January 18 2022"]
[White "Rangel, Daniel"]
[Black "Lorparizangeneh, Shahin"]
[WhiteFideId "2124475"]
[BlackFideId "12521604"]
[WhiteElo "2187"]
[BlackElo "2525"]
[Result "1/2-1/2"]
[Round "01"]
[TimeControl "180+1"]
[Date "2022.01.18"]
[WhiteClock "0:00:08"]
[BlackClock "0:00:18"]

1. e4 c5 2. Nf3 Nc6 3. d4 cxd4 4. Nxd4 Nf6 5. Nc3 d6 6. Nxc6 bxc6 7. g3 g6 8. Bg2 Ba6 9. e5 Nd7 10. exd6 exd6 11. Qd4 Rg8 12. Bxc6 Rc8 13. Qe4+ Be7 14. Bf4 f5 15. Qe6 Rf8 16. Ba4 Bc4 17. Qe3 Qb6 18. Qxb6 axb6 19. O-O-O Rf6 20. Rhe1 Kd8 21. Bg5 Re6 22. Bxe7+ Kxe7 23. Rxe6+ Bxe6 24. Bxd7 Kxd7 25. Nd5 Rc6 26. Nf6+ Ke7 27. Nxh7 Bxa2 28. Ng5 Kf6 29. Nf3 Bf7 30. Nd4 Rc5 31. b3 Ke7 32. h4 Re5 33. Kd2 Rd5 34. Kc3 Rc5+ 35. Kd3 Re5 36. Rd2 Kd7 37. Re2 Ra5 38. c4 Ra1 39. Kc3 Rc1+ 40. Kb2 Rf1 41. Rd2 Re1 42. Nb5 Re6 43. Nc3 Re5 44. Nd5 b5 45. Ne3 bxc4 46. Nxc4 Bxc4 47. bxc4 Re4 48. Kc3 Kc6 49. Rd4 Re2 50. Rd2 Re4 51. Rd4 Re2 52. Rd2 Re1 53. Ra2 Rc1+ 54. Kd2 Rxc4 55. Rc2 Rxc2+ 56. Kxc2 Kd5 57. Kd3 Ke5 58. f3 Kd5 59. g4 fxg4 60. fxg4 Ke5 61. h5 gxh5 62. gxh5 Kf6 63. Kd4 Kg5 64. Kd5 Kxh5 65. Kxd6 1/2-1/2


[Site "https://www.chess.com"]

[Event "Titled Tuesday Blitz January 18 2022"]
[White "Romanchuk, Viktor"]
[Black "Tabatabaei, M. Amin"]
[WhiteFideId "14109271"]
[BlackFideId "12521213"]
[WhiteElo "2242"]
[BlackElo "2585"]
[Result "0-1"]
[Round "01"]
[TimeControl "180+1"]
[Date "2022.01.18"]
[WhiteClock "0:00:02"]
[BlackClock "0:00:01"]

1. d4 e6 2. c4 b6 3. Nc3 Bb7 4. a3 Nf6 5. Bg5 h6 6. Bh4 Be7 7. e3 O-O 8. Nf3 d5 9. Rc1 Nbd7 10. cxd5 exd5 11. Be2 c5 12. dxc5 bxc5 13. O-O Re8 14. Bg3 Nf8 15. Qa4 Qb6 16. Rb1 Bc6 17. Bb5 Bxb5 18. Qxb5 Ne6 19. Rfd1 Red8 20. b4 c4 21. Be5 Qxb5 22. Nxb5 Ne4 23. Nc3 f6 24. Nxd5 Rxd5 25. Rxd5 fxe5 26. Rxe5 Nc3 27. Rb2 Kf7 28. Rc2 Rd8 29. g4 Rd3 30. Ra5 Bf6 31. Rxa7+ Kg8 32. Ra6 Ng5 33. Nxg5 hxg5 34. Rc6 Nb5 35. R6xc4 Nxa3 36. Rc8+ Kh7 37. Rc1 Nb5 38. R8c5 Nd6 39. Rb1 Ne4 40. Rc4 Nd2 41. Rcc1 Nxb1 42. Rxb1 Rd6 43. b5 Rb6 44. Kg2 Kg6 45. f4 Kf7 46. Kf3 Ke6 47. Ke4 Be7 48. h3 Bf6 49. Rb3 Be7 50. Rb1 Kd6 51. Kf5 Kd5 52. fxg5 g6+ 53. Kf4 Bd6+ 54. Kf3 Bc5 55. h4 Be7 56. Rd1+ Ke5 57. Rb1 Bd8 58. Rb3 Rb7 59. Rb1 Bb6 60. Ke2 Rc7 61. Rf1 Rc3 62. Rf6 Bxe3 63. Rxg6 Bf4 64. h5 Ke4 65. Re6+ Be5 66. b6 Rc2+ 67. Kd1 Rb2 68. g6 Kd3 69. Ke1 Bd4 70. Kf1 Rf2+ 71. Ke1 Rg2 72. Kd1 Ra2 73. Rc6 Rh2 74. Re6 Rb2 75. Rc6 Be5 76. h6 Rh2 77. Ke1 Rxh6 78. b7 Rh1+ 79. Kf2 Rb1 80. Re6 Bc3 0-1


[Site "https://www.chess.com"]

[Event "Titled Tuesday Blitz January 18 2022"]
[White "Ruiz Aguilar, Pablo Alexander"]
[Black "Ponikarovsky, Alexey"]
[WhiteFideId "4401352"]
[BlackFideId "4122887"]
[WhiteElo "2125"]
[BlackElo "1872"]
[Result "0-1"]
[Round "01"]
[TimeControl "180+1"]
[Date "2022.01.18"]
[WhiteClock "0:01:10"]
[BlackClock "0:01:16"]

1. e4 c5 2. Nf3 a6 3. d4 cxd4 4. Nxd4 Nf6 5. Nc3 e5 6. Nf3 Bb4 7. Bc4 O-O 8. Qd3 d6 9. O-O Bg4 10. Ne2 Nc6 11. c3 Bc5 12. Ng3 h6 13. a4 Qe7 14. h3 Be6 15. Ba2 Rad8 16. Rd1 d5 17. exd5 Bxd5 18. Bxd5 Rxd5 19. Qe2 Rxd1+ 20. Qxd1 Rd8 21. Qe2 e4 22. Nh4 Qe5 23. Be3 Bxe3 24. Qxe3 Rd3 25. Qe2 Qg5 26. Nhf5 Rd2 27. Qe1 Rxb2 28. Nd6 Qf4 29. Ndxe4 Nxe4 30. Nxe4 Ne5 31. Ng3 g6 32. Rd1 h5 33. Rd4 Qf6 34. Ne4 Qf5 35. Nd6 Qe6 36. f4 Nf3+ 37. gxf3 Qxe1# 0-1


[Site "https://www.chess.com"]

[Event "Titled Tuesday Blitz January 18 2022"]
[White "Sadhwani, Raunak"]
[Black "McCoy, Owen"]
[WhiteFideId "35093487"]
[BlackFideId "30924502"]
[WhiteElo "2616"]
[BlackElo "2502"]
[Result "1-0"]
[Round "01"]
[TimeControl "180+1"]
[Date "2022.01.18"]
[WhiteClock "0:01:25"]
[BlackClock "0:00:25"]

1. e4 c5 2. Nf3 d6 3. Nc3 e5 4. Bc4 Nc6 5. d3 Be7 6. h3 Nf6 7. Nh2 O-O 8. Ng4 Nd7 9. a4 Nb6 10. Ne3 Kh8 11. Ncd5 Nxd5 12. Bxd5 Be6 13. c3 Bg5 14. Bxe6 fxe6 15. O-O Qd7 16. a5 Rf7 17. Qe2 Raf8 18. Nc4 Bd8 19. a6 b5 20. Na3 Nb8 21. c4 b4 22. Nb5 Bb6 23. Be3 Qd8 24. g3 Rd7 25. Qg4 Qe8 26. f4 Rdf7 27. Nxd6 1-0


[Site "https://www.chess.com"]

[Event "Titled Tuesday Blitz January 18 2022"]
[White "Sadovsky, Artem"]
[Black "Kamsky, Gata"]
[WhiteFideId "4155840"]
[BlackFideId "2000024"]
[WhiteElo "2369"]
[BlackElo "2645"]
[Result "1-0"]
[Round "01"]
[TimeControl "180+1"]
[Date "2022.01.18"]
[WhiteClock "0:00:05"]
[BlackClock "0:00:01"]

1. Nf3 Nf6 2. e3 d5 3. c4 c6 4. b3 g6 5. Bb2 Bg7 6. Be2 O-O 7. O-O a6 8. d4 Bg4 9. Nbd2 e6 10. h3 Bxf3 11. Bxf3 Nbd7 12. Rc1 Qb8 13. Qe2 Rd8 14. Rfd1 a5 15. e4 dxe4 16. Nxe4 Nxe4 17. Qxe4 a4 18. b4 Nf6 19. Qh4 Ne8 20. a3 Nd6 21. Ba1 Nf5 22. Qe4 Re8 23. b5 Nd6 24. Qb1 Rc8 25. Qb4 Qc7 26. b6 Qd8 27. Bc3 Qd7 28. Bd2 Rd8 29. Bg5 Re8 30. d5 cxd5 31. cxd5 e5 32. Bg4 Nf5 33. Rc7 Qd6 34. Qxd6 Nxd6 35. Bd7 Reb8 36. Rdc1 e4 37. Bf4 Bf8 38. Re1 Ra5 39. Bc6 bxc6 40. Rxc6 Rxd5 41. Rxe4 Rb7 42. Rxa4 Kg7 43. Ra7 Rxa7 44. bxa7 Ra5 45. Bxd6 Bxd6 46. Rxd6 Rxa7 47. Rd3 Kf6 48. h4 h5 49. g3 Ke5 50. Kg2 Ke4 51. Re3+ Kf5 52. Kf3 Ra4 53. Rb3 Rc4 54. Rb5+ Kf6 55. Ra5 Rc2 56. Kg2 Ra2 57. Ra6+ Kf5 58. a4 Ra3 59. Ra7 f6 60. Ra5+ Ke6 61. Ra6+ Kf5 62. Ra5+ Ke6 63. Ra8 Kf5 64. a5 g5 65. hxg5 fxg5 66. a6 Kg6 67. f3 Ra2+ 68. Kh3 Kg7 69. f4 gxf4 70. gxf4 Ra4 71. Kg3 Kh7 72. f5 h4+ 73. Kh3 1-0


[Site "https://www.chess.com"]

[Event "Titled Tuesday Blitz January 18 2022"]
[White "Sadykov, Ramil"]
[Black "Rustemov, Alexander"]
[WhiteFideId "24113590"]
[BlackFideId "4119002"]
[WhiteElo "2300"]
[BlackElo "2885"]
[Result "0-1"]
[Round "01"]
[TimeControl "180+1"]
[Date "2022.01.18"]
[WhiteClock "0:00:01"]
[BlackClock "0:00:23"]

1. c4 c5 2. Nf3 g6 3. Nc3 Bg7 4. d4 cxd4 5. Nxd4 Nc6 6. Nc2 Bxc3+ 7. bxc3 Qa5 8. Bd2 Nf6 9. f3 d6 10. e4 Be6 11. Nd4 Rc8 12. Qb3 b6 13. Qb5 Qxb5 14. cxb5 Na5 15. Nxe6 fxe6 16. Bd3 Nd7 17. Ke2 Nc5 18. Rac1 Nxd3 19. Kxd3 Nc4 20. Bh6 Kd7 21. Bg7 Rhg8 22. Bd4 e5 23. Bf2 Rc7 24. Rc2 Na3 25. Rb2 Rgc8 26. Rc1 Rc4 27. Rb3 Ra4 28. Bh4 Rc5 29. Bf2 Rxb5 30. c4 Rba5 31. Be1 Ra6 32. Bb4 Nxc4 33. Rxc4 Rxa2 34. Rc2 Ra1 35. Bd2 R6a3 36. Rxa3 Rxa3+ 37. Kc4 a6 38. Bc3 b5+ 39. Kb4 Ra4+ 40. Kb3 Rc4 41. Bb2 Ra4 42. g3 g5 43. h3 h5 44. h4 gxh4 45. gxh4 e6 46. Rg2 d5 47. Rg5 dxe4 48. fxe4 Rxe4 49. Rxh5 Kd6 50. Rh8 a5 51. h5 Re3+ 52. Kc2 Re2+ 53. Kc1 Rh2 54. h6 Kd5 55. h7 Ke4 56. Kd1 a4 57. Bc1 b4 0-1


[Site "https://www.chess.com"]

[Event "Titled Tuesday Blitz January 18 2022"]
[White "Salinas Herrera, Pablo"]
[Black "Aaditya Dhingra"]
[WhiteFideId "3407128"]
[BlackFideId "25678191"]
[WhiteElo "2541"]
[BlackElo "1789"]
[Result "1-0"]
[Round "01"]
[TimeControl "180+1"]
[Date "2022.01.18"]
[WhiteClock "0:00:14"]
[BlackClock "0:00:06"]

1. e4 c5 2. Nf3 e6 3. d4 cxd4 4. Nxd4 a6 5. Be2 Nf6 6. Nc3 Qc7 7. O-O b5 8. Bf3 Nc6 9. Nxc6 dxc6 10. e5 Nd5 11. Nxd5 cxd5 12. Re1 Bb7 13. c3 Rd8 14. Be3 Bc5 15. Bd4 O-O 16. Rc1 Rc8 17. Qd2 Rfd8 18. b4 Be7 19. a3 a5 20. Be2 Bc6 21. Qe3 Rb8 22. Bd3 Rdc8 23. g4 Qb7 24. f4 axb4 25. axb4 Ra8 26. f5 Ra2 27. Rf1 Bf8 28. Rf3 Be8 29. Rcf1 Ra6 30. fxe6 Rxe6 31. Bf5 Bd7 32. Qg5 g6 33. Bxe6 Bxe6 34. Rxf7 Bxf7 35. e6 Be8 36. Rxf8+ Kxf8 37. Qf6+ Bf7 38. Qg7+ Ke8 39. Bc5 Ra8 40. Qf8# 1-0


[Site "https://www.chess.com"]

[Event "Titled Tuesday Blitz January 18 2022"]
[White "Samadov, Read"]
[Black "Senthilkumar, Pranav"]
[WhiteFideId "13417444"]
[BlackFideId "2083477"]
[WhiteElo "2084"]
[BlackElo "2455"]
[Result "1-0"]
[Round "01"]
[TimeControl "180+1"]
[Date "2022.01.18"]
[WhiteClock "0:01:19"]
[BlackClock "0:01:59"]

1. d4 Nf6 2. c4 e6 3. Nf3 Bb4+ 4. Nbd2 O-O 5. a3 Be7 6. e4 d6 7. Bd3 e5 8. d5 Nbd7 9. O-O a5 10. b3 Kh8 11. Bb2 b6 12. Bc2 Nh5 13. Re1 Nf4 14. Nf1 Nf6 15. Ng3 g6 16. Bc1 N6h5 17. Be3 f5 18. exf5 gxf5 19. Nxe5 Nxg3 20. Nc6 Qd7 21. Bxf4 Ne4 22. f3 Nf6 23. Rxe7 1-0


[Site "https://www.chess.com"]

[Event "Titled Tuesday Blitz January 18 2022"]
[White "Sanal, Vahap"]
[Black "Ianov, Viktor"]
[WhiteFideId "6300545"]
[BlackFideId "14102730"]
[WhiteElo "2603"]
[BlackElo "2215"]
[Result "1-0"]
[Round "01"]
[TimeControl "180+1"]
[Date "2022.01.18"]
[WhiteClock "0:00:07"]
[BlackClock "0:00:08"]

1. e4 d6 2. d4 g6 3. Nf3 Bg7 4. c3 Nf6 5. Bd3 O-O 6. O-O Nbd7 7. Be3 e5 8. Nbd2 b6 9. h3 Bb7 10. Re1 Re8 11. Qc2 c6 12. a4 a6 13. Rad1 Qc7 14. b4 c5 15. bxc5 bxc5 16. d5 a5 17. Bb5 Reb8 18. Qd3 Nb6 19. Rb1 Bc8 20. Bc6 Ba6 21. c4 Ra7 22. Rb3 Nc8 23. Rxb8 Qxb8 24. Rb1 Qc7 25. Qb3 Bf8 26. Bg5 Kg7 27. Qe3 Ne7 28. Bb5 Bc8 29. Nh2 Nfg8 30. Qc3 h6 31. Be3 Kh7 32. Nb3 Bg7 33. Qd3 f5 34. Rf1 fxe4 35. Qxe4 Bf5 36. Qf3 Nf6 37. Qe2 g5 38. Bc1 Bg6 39. Ng4 Nf5 40. Nxf6+ Bxf6 41. Qd1 Nd4 42. Nxd4 cxd4 43. Ba3 e4 44. Qg4 h5 45. Qe6 Be5 46. c5 dxc5 47. Bxc5 Qxc5 48. Qxe5 Re7 49. Qxg5 Qd6 50. Bc6 d3 51. Qe3 Qb4 52. Qg5 Qd6 53. Qe3 Qb4 54. g4 hxg4 55. hxg4 Qd6 56. Kg2 Kg7 57. Rh1 Qe5 58. Qh6+ Kf7 59. Qe3 Kg7 60. Qh3 Qf4 61. Qh8+ Kf7 62. Qh3 e3 63. d6 Qxd6 64. Qf3+ Kg7 65. fxe3 d2 66. Bd5 Re5 67. e4 Rxd5 68. exd5 Qe5 69. Qf2 Be4+ 70. Kh3 Qg5 71. Qd4+ Qf6 72. Qxe4 Qc3+ 73. Kh4 Qf6+ 74. g5 Qf2+ 75. Kg4 Qe1 76. Qf3 Qe5 77. Rd1 Qd4+ 78. Kg3 Qb2 79. Qf6+ Qxf6 80. gxf6+ Kxf6 81. Rxd2 Ke5 82. Rb2 1-0


[Site "https://www.chess.com"]

[Event "Titled Tuesday Blitz January 18 2022"]
[White "Seemann, Jakub"]
[Black "Savchenko, Boris"]
[WhiteFideId "21874697"]
[BlackFideId "4147332"]
[WhiteElo "2003"]
[BlackElo "2512"]
[Result "1/2-1/2"]
[Round "01"]
[TimeControl "180+1"]
[Date "2022.01.18"]
[WhiteClock "0:00:06"]
[BlackClock "0:00:13"]

1. d4 Nf6 2. c4 g6 3. Nc3 d5 4. Bg5 Ne4 5. Bf4 Nxc3 6. bxc3 Bg7 7. e3 c5 8. Nf3 O-O 9. cxd5 Qxd5 10. Be2 Bf5 11. O-O cxd4 12. cxd4 Be4 13. Qb3 Nc6 14. Rfc1 Qxb3 15. axb3 Rfc8 16. Bc4 e6 17. Nd2 Bd5 18. Bxd5 exd5 19. Rc5 Rd8 20. Rac1 Rd7 21. b4 a6 22. Nb3 Bf8 23. b5 Na7 24. bxa6 bxa6 25. Ra5 Nb5 26. Rca1 Rb7 27. g3 f6 28. Rxa6 Rxa6 29. Rxa6 g5 30. Na5 Rd7 31. Bb8 Kf7 32. Rb6 Nc3 33. Kg2 Be7 34. Rb7 Rxb7 35. Nxb7 Ke6 36. Ba7 Ba3 37. Bc5 Bb2 38. Nd8+ Kd7 39. Nf7 Ne4 40. Bb4 Ke6 41. Nd8+ Kd7 42. Nb7 Kc6 43. Nc5 Nd6 44. Nd3 Nc4 45. Nxb2 Nxb2 46. Be7 g4 47. Bxf6 Kd7 48. h3 h5 49. hxg4 hxg4 50. f3 Ke6 51. Be5 Kf5 52. fxg4+ Kxg4 53. Bf4 Nc4 54. Kf2 Nd2 55. Ke2 Ne4 56. Kd3 Kf5 57. Kc2 Nf2 58. Kb3 Ke4 59. Kc2 Ng4 60. Kd2 Nf6 61. Ke2 Ng4 62. Kd2 Nh2 63. Ke2 Ng4 64. Kf1 Kf3 65. Ke1 Nxe3 66. Bxe3 Kxe3 67. g4 Kxd4 68. Ke2 Ke4 69. Kd2 Kf4 70. Kd3 Kxg4 71. Kd4 Kf4 72. Kxd5 1/2-1/2


[Site "https://www.chess.com"]

[Event "Titled Tuesday Blitz January 18 2022"]
[White "Semenenko, Dmytry"]
[Black "Tristan, Leonardo"]
[WhiteFideId "14118645"]
[BlackFideId "113816"]
[WhiteElo "2113"]
[BlackElo "2404"]
[Result "0-1"]
[Round "01"]
[TimeControl "180+1"]
[Date "2022.01.18"]
[WhiteClock "0:00:24"]
[BlackClock "0:00:09"]

1. Nf3 d5 2. c4 e6 3. d4 Nf6 4. Nc3 a6 5. e3 b6 6. Bd3 dxc4 7. Bxc4 Bb7 8. O-O Nbd7 9. Qe2 c5 10. Rd1 b5 11. Bd3 c4 12. Bc2 Be7 13. e4 O-O 14. Bg5 h6 15. Bh4 Re8 16. Ne5 Nxe5 17. dxe5 Nd7 18. Bxe7 Qxe7 19. f4 Nb6 20. Rd6 Nc8 21. Rd2 Na7 22. Rad1 Rad8 23. Qe3 Nc8 24. Ne2 Rxd2 25. Rxd2 Rd8 26. Rxd8+ Qxd8 27. Qd4 Qc7 28. f5 Qb6 29. Qxb6 Nxb6 30. Nd4 Nd7 31. fxe6 fxe6 32. Nxe6 Nxe5 33. Kf2 Bc8 34. Nc5 Kf7 35. h3 Ke7 36. b4 Kd6 37. Ke3 a5 38. a3 axb4 39. axb4 Nc6 40. e5+ Kxe5 41. Be4 Nxb4 42. Nb7 Nd5+ 43. Bxd5 Kxd5 44. Nd8 Be6 45. Nb7 Kc6 46. Nd8+ Kd7 47. Nb7 Kc7 48. Nc5 Bd5 49. g3 Kd6 50. Na6 Be6 51. h4 Ke5 52. Nc7 Bd7 53. Na6 Kf5 54. Nc5 Bc8 55. Kf3 h5 56. Ke3 Kg4 57. Ne4 Bb7 58. Nd6 Bc6 59. Kd4 Kxg3 60. Nf5+ Kg4 61. Nxg7 Kxh4 62. Kc5 Bd7 63. Kd6 c3 64. Kxd7 c2 65. Nf5+ Kh3 66. Ne3 c1=Q 0-1


[Site "https://www.chess.com"]

[Event "Titled Tuesday Blitz January 18 2022"]
[White "Seo, Jung Min"]
[Black "Spitzl, Vinzent"]
[WhiteFideId "1734687"]
[BlackFideId "12901253"]
[WhiteElo "2401"]
[BlackElo "2160"]
[Result "1-0"]
[Round "01"]
[TimeControl "180+1"]
[Date "2022.01.18"]
[WhiteClock "0:00:18"]
[BlackClock "0:00:02"]

1. e4 d5 2. exd5 Qxd5 3. Nc3 Qd8 4. d4 Nf6 5. Bc4 g6 6. Nf3 Bg7 7. O-O O-O 8. h3 a6 9. a4 Nc6 10. Re1 b6 11. d5 Nb4 12. Bg5 Bb7 13. Qe2 Nbxd5 14. Nxd5 Nxd5 15. Rad1 Qd7 16. Bxd5 Bxd5 17. Qd3 Rfd8 18. Bxe7 Be6 19. Bxd8 Rxd8 20. Qxd7 Rxd7 21. Rxd7 Bxd7 22. b3 Kf8 23. Ne5 Be6 24. Nd3 Bf6 25. g4 h6 26. Nf4 Bd7 27. Nd5 Bd8 28. Rd1 Ke8 29. Rd4 c6 30. Ne3 b5 31. axb5 axb5 32. Nd1 Bb6 33. Rd2 Be6 34. Nc3 Ba5 35. Rd3 Bc7 36. Ne4 Ke7 37. Nc5 Bc8 38. Kg2 Bd6 39. Ne4 Bc7 40. f3 Be5 41. Re3 Kf8 42. Nc5 Bc7 43. Nd3 Be6 44. Ne5 Bd5 45. c4 bxc4 46. bxc4 Bxe5 47. cxd5 Bd4 48. dxc6 Bxe3 49. c7 1-0


[Site "https://www.chess.com"]

[Event "Titled Tuesday Blitz January 18 2022"]
[White "Song, Michael"]
[Black "Howell, David W L"]
[WhiteFideId "2613190"]
[BlackFideId "410608"]
[WhiteElo "2274"]
[BlackElo "2559"]
[Result "0-1"]
[Round "01"]
[TimeControl "180+1"]
[Date "2022.01.18"]
[WhiteClock "0:01:13"]
[BlackClock "0:01:09"]

1. e4 c5 2. Nf3 Nc6 3. c4 d6 4. Nc3 Bg4 5. Be2 g6 6. O-O Bg7 7. Ne1 Bd7 8. Nc2 e6 9. d4 Nxd4 10. Nxd4 cxd4 11. Nb5 Bxb5 12. cxb5 Ne7 13. Bg5 O-O 14. Rc1 Qd7 15. Bxe7 Qxe7 16. Qc2 Rfd8 17. a4 d5 18. exd5 Rxd5 19. Bf3 d3 20. Qb3 Rd4 21. Rc3 Rad8 22. Rd1 d2 23. Rc2 b6 24. Kf1 h5 25. g3 h4 26. Kg2 Rd3 0-1


[Site "https://www.chess.com"]

[Event "Titled Tuesday Blitz January 18 2022"]
[White "Stankovic, Ivan G"]
[Black "Bortnyk, Olexandr"]
[WhiteFideId "902837"]
[BlackFideId "14120828"]
[WhiteElo "2195"]
[BlackElo "2723"]
[Result "0-1"]
[Round "01"]
[TimeControl "180+1"]
[Date "2022.01.18"]
[WhiteClock "0:00:11"]
[BlackClock "0:00:05"]

1. e4 Nf6 2. e5 Nd5 3. d4 d6 4. c4 Nb6 5. exd6 exd6 6. Nc3 Be7 7. h3 O-O 8. Nf3 Bf5 9. d5 Bf6 10. Be2 N8d7 11. O-O Ne5 12. Nd4 Bd7 13. b3 Re8 14. a4 a5 15. Be3 c5 16. dxc6 bxc6 17. Qd2 Qc8 18. Rac1 Bxh3 19. gxh3 Qxh3 20. Ne4 Nbd7 21. Bf4 Ng6 22. Nxf6+ Nxf6 23. Bg3 Ne4 24. Qe3 Nh4 25. Bxh4 Qxh4 26. Nf5 Qf6 27. Qf4 Ng5 28. Bg4 Re4 29. Qg3 h5 30. f3 Re6 31. f4 Ne4 32. Qh4 hxg4 33. Qxf6 Nxf6 34. Nd4 Re3 35. Rfe1 Rg3+ 36. Kh2 Rd3 37. Nxc6 Rxb3 38. Rcd1 g6 39. Rxd6 g3+ 40. Kg1 Nh5 41. Ne5 Nxf4 42. Re4 Rb1+ 0-1


[Site "https://www.chess.com"]

[Event "Titled Tuesday Blitz January 18 2022"]
[White "Sychev, Klementy"]
[Black "Urquhart, Ed"]
[WhiteFideId "4114060"]
[BlackFideId "2603748"]
[WhiteElo "2564"]
[BlackElo "2184"]
[Result "1-0"]
[Round "01"]
[TimeControl "180+1"]
[Date "2022.01.18"]
[WhiteClock "0:00:24"]
[BlackClock "0:00:12"]

1. d4 Nf6 2. c4 e6 3. Nc3 Bb4 4. Bf4 d5 5. Qa4+ Nc6 6. e3 O-O 7. Nf3 Bd7 8. Qb3 Bxc3+ 9. Qxc3 Ne4 10. Qc2 f5 11. cxd5 exd5 12. Qb3 Be6 13. h4 Qd7 14. Bb5 a6 15. Ne5 Qe8 16. Bxc6 bxc6 17. Qc2 c5 18. f3 Nf6 19. Qxc5 Rb8 20. b3 Nh5 21. O-O Nxf4 22. exf4 Rb5 23. Qxc7 Qh5 24. Qc6 Bf7 25. Rac1 Qxh4 26. Nxf7 Rxf7 27. Qe6 Rb8 28. Rc7 Rf8 29. Rxf7 Rxf7 30. Rc1 g6 31. Rc7 Qf6 32. Qxf7+ Qxf7 33. Rxf7 Kxf7 34. b4 Ke6 35. g4 h6 36. a4 Kd6 37. gxf5 gxf5 38. Kg2 1-0


[Site "https://www.chess.com"]

[Event "Titled Tuesday Blitz January 18 2022"]
[White "Talibov, Shiroghlan"]
[Black "Pein, Jonathan"]
[WhiteFideId "13429078"]
[BlackFideId "417092"]
[WhiteElo "2070"]
[BlackElo "2140"]
[Result "1-0"]
[Round "01"]
[TimeControl "180+1"]
[Date "2022.01.18"]
[WhiteClock "0:01:18"]
[BlackClock "0:00:14"]

1. e4 e5 2. Nf3 d6 3. Nc3 Nf6 4. Bc4 Be7 5. O-O O-O 6. h3 Kh8 7. d4 exd4 8. Nxd4 Nc6 9. a3 Nxd4 10. Qxd4 Nd7 11. Nd5 Bf6 12. Nxf6 Qxf6 13. Be3 a5 14. Rad1 b6 15. Qd5 Rb8 16. Bd4 Qe7 17. Rfe1 Bb7 18. Qf5 Ne5 19. Bd5 Bc8 20. Qf4 Ng6 21. Qg3 Be6 22. f4 Bxd5 23. exd5 Qh4 24. Qxh4 Nxh4 25. Kf2 Rfe8 26. g4 Ng6 27. Kf3 Kg8 28. a4 Kf8 29. Rh1 Re7 30. h4 Rbe8 31. h5 Nh8 32. h6 Re2 33. hxg7+ 1-0


[Site "https://www.chess.com"]

[Event "Titled Tuesday Blitz January 18 2022"]
[White "Tania, Sachdev"]
[Black "Muradli, Mahammad"]
[WhiteFideId "5007844"]
[BlackFideId "13409301"]
[WhiteElo "2280"]
[BlackElo "2645"]
[Result "0-1"]
[Round "01"]
[TimeControl "180+1"]
[Date "2022.01.18"]
[WhiteClock "0:00:11"]
[BlackClock "0:01:40"]

1. d4 d6 2. c4 g6 3. Nc3 Bg7 4. e4 Nf6 5. f3 O-O 6. Nge2 e5 7. Be3 exd4 8. Nxd4 c6 9. Qd2 Re8 10. Be2 d5 11. cxd5 cxd5 12. exd5 Nxd5 13. Bf2 Nc6 14. Nxd5 Qxd5 15. Nb3 Qxd2+ 16. Kxd2 Bf5 17. Rhd1 Bxb2 0-1


[Site "https://www.chess.com"]